 Dungeon Crawl Stone Soup version 0.13.1-20-gf50ca03 (webtiles) character file.

369 Kae the Ruffian (level 5, -2/41 HPs)
             Began as a Draconian Transmuter on Dec 30, 2013.
             Killed from afar by Kae's ghost (12 damage)
             ... with a puff of flame
             ... on Level 4 of the Dungeon.
             The game lasted 00:04:47 (3740 turns).

Kae the Ruffian (Draconian Transmuter)              Turns: 3740, Time: 00:04:47

HP  -2/41        AC  5     Str 12      XL: 5   Next: 45%
MP   7/8         EV 12     Int 15      God:
Gold 173         SH  0     Dex 11      Spells:  3 memorised,  3 levels left

Res.Fire  : . . .   See Invis. : .   b - 64 arrows
Res.Cold  : . . .   Warding    : .   (armour unavailable)
Life Prot.: . . .   Conserve   : .   (no shield)
Res.Poison: .       Res.Corr.  : .   (helmet restricted)
Res.Elec. : .       Clarity    : .   (no cloak)
Sust.Abil.: . .     Spirit.Shd : .   (no gloves)
Res.Mut.  : .       Stasis     : .   (no boots)
Res.Rott. : .       Flight     : .   (no amulet)
Saprovore : . . .                    (no ring)
                                     (no ring)

@: slightly resistant to hostile enchantments, unstealthy
A: unfitting armour, AC +5
a: no special abilities


You were on level 4 of the Dungeon.
You were not hungry.

You visited 1 branch of the dungeon, and saw 4 of its levels.

You collected 153 gold pieces.

Inventory:

Missiles
 b - 64 arrows (in hand)
Comestibles
 a - 3 bread rations
 h - 3 pears
 i - a lemon
Scrolls
 c - 2 scrolls of teleportation {unknown}
 g - 2 scrolls of magic mapping {unknown}
 k - a scroll of noise {unknown}
 l - a scroll of fog {unknown}
 m - 3 scrolls of identify {unknown}
 p - 2 scrolls of remove curse {unknown}
 r - a scroll of fear {unknown}
Potions
 e - 3 potions of curing {unknown}
 f - 4 potions of heal wounds {unknown}
 j - a potion of speed {unknown}
 n - a potion of beneficial mutation {unknown}
 q - a potion of confusion {unknown}
 s - a potion of might {unknown}
 u - a potion of slowing {unknown}
 v - 2 potions of brilliance {unknown}
 w - a potion of cure mutation {unknown}
Books
 d - a book of Changes

   Spells                             Type                      Level
   *Beastly Appendage                 Transmutation                1
   *Sticks to Snakes                  Transmutation                2
   *Spider Form                       Transmutation/Poison         3
   Ice Form                           Ice/Transmutation            4
   Blade Hands                        Transmutation                5


   Skills:
 + Level 2.4 Fighting
 - Level 1.7 Dodging
 * Level 4.2 Unarmed Combat
 + Level 2.7 Spellcasting
 * Level 3.8 Transmutations


You had 3 spell levels left.
You knew the following spells:

 Your Spells              Type           Power        Failure   Level  Hunger
a - Beastly Appendage     Trmt           ##....       6%          1    #......
b - Sticks to Snakes      Trmt           ##........   10%         2    ##.....
c - Spider Form           Trmt/Pois      #.........   30%         3    ###....


Dungeon Overview and Level Annotations

Branches:
Dungeon (4/27)
 Temple: D:4-7

Altars:

Annotations:
D:4 Kae's ghost, average TeFE


Message History

Your transformation has ended.
You fall off the wall.
Switch back to main weapon? [Y]es or [N]o only, please.
Switch back to main weapon? [Y]es or [N]o only, please.
Switch back to main weapon? [Y]es or [N]o only, please.
Switch back to main weapon? [Y]es or [N]o only, please.
Switch back to main weapon? [Y]es or [N]o only, please.
Switch back to main weapon? [Y]es or [N]o only, please.
Switch back to main weapon? [Y]es or [N]o only, please.
Switch back to main weapon?
Kae's ghost points at you and mumbles some strange words.
The puff of flame hits you!
You die...

..########%###.#.##.....
..# ##.##........... #.#
#................ #.#
##.###.#.##..##... #.#
#.# #.#.# ..##.... #.#
#.# #.#.# ... ..... #.#
#.# #.#.# #.#.....# #.#
###.###.#.###.#....# #.#
.........<@..p......#
#.#
###.#.#..####.#......
#.# .#.#....p.......# #
#.#####.#...... #.#
#.#...... #.# #.. ...##
#.# ###.#... .$# .##. ##
#


You could see Kae's ghost.

Vanquished Creatures
  A hound (D:4)
  A worker ant (D:4)
  4 adders
  2 giant mites
  An adder zombie (D:3)
  A giant gecko (D:1)
  4 orcs
  11 bats
  7 giant cockroaches
  10 hobgoblins
  7 jackals
  9 kobolds
  4 giant newts
  11 goblins
  A hobgoblin skeleton (D:4)
  10 rats
  A toadstool (D:1)
85 creatures vanquished.

Vanquished Creatures (others)
  3 toadstools (D:1)
3 creatures vanquished.

Grand Total: 88 creatures vanquished

Notes
Turn   | Place    | Note
--------------------------------------------------------------
     0 | D:1      | Kae, the Draconian Transmuter, began the quest for the Orb.
     0 | D:1      | Reached XP level 1. HP: 16/16 MP: 1/1
   371 | D:1      | Reached XP level 2. HP: 15/23 MP: 3/3
   812 | D:1      | Reached XP level 3. HP: 23/28 MP: 4/4
  1705 | D:2      | Reached XP level 4. HP: 25/36 MP: 6/6
  2304 | D:3      | Reached skill level 4 in Unarmed Combat
  2805 | D:4      | Learned a level 2 spell: Sticks to Snakes
  2809 | D:4      | Learned a level 3 spell: Spider Form
  2975 | D:4      | Reached XP level 5. HP: 41/41 MP: 8/8
  3128 | D:4      | Noticed Kae's ghost (average TeFE)
  3740 | D:4      | Killed from afar by Kae's ghost

Action                   |  1- 3 |  4- 6 || total
-------------------------+-------+-------++-------
Melee: Unarmed           |   177 |   170 ||   347
 Cast: Beastly Appendage |     1 |     1 ||     2
       Spider Form       |       |     2 ||     2
       Sticks to Snakes  |       |     1 ||     1
